 Dungeon Crawl Stone Soup version 0.20.0-10-g0535bb4 (webtiles) character file.

2 Manul the Ducker (level 1, 0/11 HPs)
             Began as a Spriggan Abyssal Knight on June 4, 2017.
             Was a Follower of Lugonu.
             Slain by a jackal (1 damage)
             ... on level 1 of the Dungeon.
             The game lasted 00:02:02 (818 turns).

Manul the Ducker (Spriggan Abyssal Knight)           Turns: 818, Time: 00:02:02

Health: 0/11       AC:  2    Str:  8    XL:     1   Next: 33%
Magic:  3/3        EV: 19    Int: 13    God:    Lugonu [*.....]
Gold:   122        SH:  0    Dex: 15    Spells: 0/0 levels left

rFire    . . .     SeeInvis +   a - +1 short sword
rCold    . . .     Gourm    .   (shield restricted)
rNeg     . . .     Faith    .   b - +0 robe
rPois    .         Spirit   .   (helmet restricted)
rElec    .         Reflect  .   (no cloak)
rCorr    .         Harm     .   (gloves unavailable)
MR       .....                  (boots unavailable)
Stlth    +.........             (no amulet)
Regen    0.1/turn               (no ring)
MPRegen  0.1/turn               (no ring)

@: very quick
A: unfitting armour, see invisible, herbivore 3, speed 3, slow metabolism 2
a: Depart the Abyss, Renounce Religion


You were on level 1 of the Dungeon.
You worshipped Lugonu.
Lugonu was aware of your devotion.
You were not hungry.

You visited 1 branch of the dungeon, and saw 1 of its levels.
You visited the Abyss 1 time.

You collected 122 gold pieces.

Inventory:

Hand Weapons
 a - a +1 short sword (weapon)
Armour
 b - a +0 robe (worn)
Wands
 f - a wand of polymorph (15/24)
Scrolls
 e - a scroll of recharging
 g - a scroll of enchant weapon {unknown}
Miscellaneous
 d - a lamp of fire (inert)
Comestibles
 c - a bread ration


   Skills:
 + Level 2.5 Fighting
 + Level 2.1 Short Blades
 + Level 3.7 Dodging
 + Level 1.7 Invocations


You couldn't memorise any spells.
You didn't know any spells.

Dungeon Overview and Level Annotations

Branches:
Dungeon (1/15)

Altars:


Innate Abilities, Weirdness & Mutations

You are very small and have problems with some larger weapons.
You are too small for most types of armour.
You have supernaturally acute eyesight. (SInv)
You are a herbivore.
You cover ground extremely quickly.
You need consume almost no food.


Message History

You closely miss the jackal.
The jackal is moderately wounded.
The jackal closely misses you. The jackal completely misses you.
The jackal bites you.
You hit the jackal.
The jackal is heavily wounded.
The jackal closely misses you. The jackal bites you. x2
* * * LOW HITPOINT WARNING * * *
You are too injured to fight recklessly!
Unknown command.
You are too injured to fight recklessly!
You are too injured to fight recklessly!
The jackal misses you. The jackal barely misses you. The jackal bites you.
* * * LOW HITPOINT WARNING * * *
The jackal barely misses you. The jackal bites you.
* * * LOW HITPOINT WARNING * * *
The jackal closely misses you. The jackal barely misses you.
The jackal closely misses you. The jackal bites you.
You die...

########
#####......# .
#..........#####..
#.................
#.................
#...†......h......
#.........@h...#
#.)..##....h...#
#....##........#
#....##........#
#....##........#
.####.......########
.................
.................
#########...#.##


You could see 3 jackals.

Vanquished Creatures
  2 bats (D:1)
  A rat (D:1)
3 creatures vanquished.

Notes
Turn   | Place    | Note
-------+----------+-------------------------------------------
     0 | Abyss:1  | Manul the Spriggan Abyssal Knight began the quest for the Orb.
     0 | Abyss:1  | Reached XP level 1. HP: 11/11 MP: 3/3
    48 | Abyss:1  | Noticed a large abomination
    66 | Abyss:1  | Noticed a wraith
    68 | Abyss:1  | Noticed an iron imp
    79 | Abyss:1  | Noticed a ynoxinul
    86 | Abyss:1  | Noticed a neqoxec
    94 | Abyss:1  | Noticed a large abomination
    95 | Abyss:1  | Noticed a wretched star
   154 | Abyss:2  | Noticed a small abomination
   162 | Abyss:2  | Noticed an ancient zyme
   164 | Abyss:2  | Noticed a stone giant skeleton
   168 | Abyss:2  | Noticed a large abomination
   175 | Abyss:2  | Noticed a large abomination
   265 | Abyss:3  | Noticed a shadow demon
   282 | Abyss:3  | Noticed a neqoxec
   282 | Abyss:3  | Noticed an ancient zyme
   312 | Abyss:3  | Noticed a ynoxinul
   324 | Abyss:3  | Noticed a hell hog
   354 | Abyss:3  | Noticed a flying skull
   389 | D:1      | Escaped the Abyss
   818 | D:1      | Slain by a jackal

Action                   || total
-------------------------++-------
Melee: Short sword       ||    16
Evoke: Lamp of fire      ||     1
  Use: Scroll            ||     2
Armor: Robe              ||     3
Dodge: Dodged            ||    27
